 Dungeon Crawl Stone Soup version 0.30-a0-913-g9934a0c (webtiles) character file.

Game seed: 593701921924108143

3677 Think the Carver (level 10, 0/94 HPs)
             Began as an Octopode Fighter on Mar 17, 2023.
             Was an Initiate of Gozag.
             Succumbed to Amaemon's poison
             ... on level 8 of the Dungeon on Mar 19, 2023.
             The game lasted 00:21:16 (7884 turns).

Think the Carver (Octopode Fighter)                 Turns: 7884, Time: 00:21:17

Health: 0/94       AC: 25    Str: 16    XL:     10   Next: 13%
Magic:  10/10      EV:  2    Int: 10    God:    Gozag
Gold:   732        SH:  5    Dex: 16    Spells: 9/9 levels left

rFire   + . .      SeeInvis .    a - +0 long sword
rCold   + . .      Faith    .    b - +0 buckler
rNeg    . . .      Spirit   .    (helmet currently unavailable)
rPois   +          Reflect  .    c - amulet of the acrobat
rElec   +          Rampage  .    p - +5 ring of evasion
rCorr   +          NoTele   +    C - +5 ring of evasion
Will    .....                    (no ring)
Stlth   +                        (no ring)
HPRegen 0.35/turn                (no ring)
MPRegen 0.12/turn                (no ring)
                                 (no ring)
                                 (no ring)

@: mighty, lethally poisoned (0 -> -7), tree-form, resistant
A: stationary, stasis, torment immunity, boosted hp, almost no armour,
(amphibious), 8 rings, (camouflage 1), (gelatinous body 1), (nimble swimmer 1),
(tentacles)
a: End Transformation, Renounce Religion, Potion Petition, Call Merchant, Bribe
Branch


You were on level 8 of the Dungeon.
You worshipped Gozag.
Gozag was pleased with you.
You were a tree.
You visited 1 branch of the dungeon, and saw 8 of its levels.

You collected 1670 gold pieces.
You paid 938 gold pieces to Gozag.

Inventory:

Hand Weapons
 a - a +0 long sword (weapon)
 h - a +0 short sword of protection
 j - a +3 dagger of electrocution
Missiles
 y - 4 poisoned darts (quivered)
Armour
 b - a +0 buckler (worn)
Jewellery
 c - an amulet of the acrobat (around neck)
 p - a +5 ring of evasion (left branch)
 C - a +5 ring of evasion (right branch)
 E - a ring of flight
Wands
 r - a wand of light (1)
 D - a wand of flame (26)
Scrolls
 d - a scroll of fear
 e - 3 scrolls of blinking
 f - 2 scrolls of silence
 k - a scroll of amnesia
 m - 2 scrolls of enchant weapon
 o - a scroll of enchant armour
 q - 2 scrolls of magic mapping
 v - a scroll of teleportation
 x - a scroll of fog
 A - a scroll of vulnerability {unknown}
 B - 2 scrolls of immolation
Potions
 l - a potion of ambrosia
 n - 2 potions of flight
 s - a potion of attraction
 t - 2 potions of berserk rage
 u - 3 potions of cancellation
 w - a potion of lignification
 z - a potion of mutation


   Skills:
 - Level 3.0 Fighting
 * Level 12.3 Long Blades
 - Level 8.0 Dodging
 - Level 3.0 Shields


You had 9 spell levels left.
You didn't know any spells.
Your spell library contained the following spells:

 Spells                   Type           Power      Damage    Failure   Level
 Freeze                   Ice            0%         1d3       45%         1
 Lesser Beckoning         Tloc           0%         N/A       58%         2
 Frozen Ramparts          Ice            0%         1d1       83%         3
 Gell's Gravitas          Tloc           0%         N/A       83%         3
 Hailstorm                Conj/Ice       0%         3d3       83%         3
 Summon Guardian Golem    Hex/Summ       0%         N/A       83%         3
 Teleport Other           Tloc           0%         N/A       83%         3
 Iskenderun's Battlesphe  Conj           0%         2d6       100%        5
 Iron Shot                Conj/Erth      0%         9d1       100%        6
 Orb of Destruction       Conj           0%         9d5       100%        7
 Spellforged Servitor     Conj/Summ      0%         N/A       100%        7


Dungeon Overview and Level Annotations

Branches:
Dungeon (8/15)             Temple (0/1) D:6
   Lair: D:8-11

Altars:
Gozag
Nemelex Xobeh
Okawaru
Ru
Wu Jian

Annotations:
D:8 3 runed translucent doors, Amaemon; Kave's ghost, novice TrTm


Innate Abilities, Weirdness & Mutations

You are a tree.
Your roots penetrate the ground, keeping you stationary.
You cannot be teleported.
You are immune to unholy pain and torment.
Your maximum health is greatly increased.
You cannot wear most types of armour.
((You are amphibious.))
You can wear up to eight rings at the same time.
((Your skin changes colour to match your surroundings (Stealth+).))
((Your rubbery body absorbs attacks. (AC +1, EV +1)))
((You are camouflaged when in or above water. (Stealth+)))
((You have tentacles for arms and can constrict up to eight enemies at once.))


Message History

You nearly hit yourself!
You feel sick. The scorpion barely misses you.
The scorpion stings you but does no damage.
The scorpion stings you.
* * * LOW HITPOINT WARNING * * *
Amaemon hits you with a +1 demon whip of venom.
* * * LOW HITPOINT WARNING * * *
You are lethally poisoned!
Amaemon claws you but does no damage.
Amaemon tail-slaps you but does no damage.
The orange demon stings you but does no damage.
The scorpion stings you but does no damage.
The scorpion stings you.
* * * LOW HITPOINT WARNING * * *
The scorpion stings you but does no damage.
Okay, then.
You are too confused!
Okay, then.
Okay, then.
You are too confused!
You closely miss Amaemon.
Amaemon is severely wounded.
You feel less invigorated.
You feel less confused.
* * * LOW HITPOINT WARNING * * *
You feel sick. You block the scorpion's attack.
The scorpion stings you but does no damage.
Amaemon hits you but does no damage. Amaemon claws you but does no damage.
Amaemon tail-slaps you but does no damage.
The orange demon stings you but does no damage.
The scorpion stings you but does no damage.
You barely miss Amaemon.
Amaemon is severely wounded.
* * * LOW HITPOINT WARNING * * *
You feel sick.
The scorpion disappears in a puff of smoke!
The scorpion stings you but does no damage. x2
You barely miss Amaemon.
Amaemon is severely wounded.
You die...
Your body crumbles into a pile of gold.

###.#.......# #.## ..W... #
#.........# #.# ##.?$). #
####.###### #.# ..8.8. # #.#
#.############### # #.#
#.##...........# # #.#
#.##.########### # ##.##
#4##.#
#####.#.#########6##.####
.....###...##...♣ss.....#
#####.#.##.....§ss##.##.#
##.######.######.##.#########
#......[..# #.##..........
########..# #.############
#..# #.# #########).# #.#
#####..........# #.#
..............######.#


You could see Amaemon, an orange demon and 4 scorpions.

Vanquished Creatures
  Sigmund (D:5)
  A wyvern (D:8)
  A shadow (D:8)
  6 yaks (D:7)
  4 steam dragons
  A water moccasin (D:5)
  2 orc warriors (D:8)
  2 ice beasts
  An ogre (D:6)
  A sky beast (D:7)
  A phantom (D:5)
  3 centaurs (D:8)
  A kobold brigand (D:6)
  A scorpion (D:4)
  2 hounds
  3 orc priests
  An iguana (D:5)
  A sleepcap (D:6)
  Ijyb (D:5)
  Natasha (twice) (D:3)
  8 orc wizards
  Robin (D:3)
  5 adders
  4 gnolls (D:6)
  2 shadow imps
  7 worms
  4 dart slugs
  39 orcs
  5 bats
  3 endoplasms
  8 giant cockroaches
  10 goblins
  12 hobgoblins
  3 jackals (D:3)
  9 kobolds
  2 quokkas (D:1)
  13 ball pythons
  3 frilled lizards (D:2)
  6 rats
180 creatures vanquished.

Notes
Turn   | Place    | Note
-------+----------+-------------------------------------------
     0 | D:1      | Think the Octopode Fighter began the quest for the Orb.
     0 | D:1      | Reached XP level 1. HP: 16/16 MP: 1/1
   194 | D:1      | Reached XP level 2. HP: 19/21 MP: 2/2
   637 | D:1      | Upgraded the game from 0.30-a0-883-g5ad918d to
                  | 0.30-a0-913-g9934a0c
   649 | D:2      | Reached XP level 3. HP: 20/26 MP: 3/3
   801 | D:2      | Found an opulent altar of Gozag.
   837 | D:2      | Became a worshipper of Gozag Ym Sagoz the Greedy
  1078 | D:2      | Reached XP level 4. HP: 31/31 MP: 4/4
  1308 | D:2      | Reached skill level 5 in Dodging
  1980 | D:3      | Reached XP level 5. HP: 23/36 MP: 5/5
  2168 | D:3      | Noticed Robin
  2179 | D:3      | Killed Robin
  2293 | D:3      | Found a faded altar of an unknown god.
  2302 | D:3      | Noticed Natasha
  2307 | D:3      | Killed Natasha
  2409 | D:3      | Noticed Natasha
  2417 | D:3      | Killed Natasha
  2418 | D:3      | Reached XP level 6. HP: 34/42 MP: 6/6
  3437 | D:4      | Reached XP level 7. HP: 37/46 MP: 7/7
  3556 | D:5      | Entered Level 5 of the Dungeon
  3556 | D:5      | Noticed a steam dragon
  3565 | D:5      | Killed a steam dragon
  3566 | D:5      | Reached skill level 3 in Long Blades
  3785 | D:5      | Noticed Sigmund
  3792 | D:5      | Killed Sigmund
  3793 | D:5      | Reached skill level 4 in Long Blades
  3812 | D:5      | Noticed Ijyb
  3826 | D:5      | Killed Ijyb
  4215 | D:5      | Reached skill level 5 in Long Blades
  4248 | D:5      | Reached XP level 8. HP: 41/52 MP: 8/8
  4296 | D:5      | Reached skill level 6 in Long Blades
  4735 | D:6      | Found a sacrificial altar of Ru.
  4829 | D:6      | Found a staircase to the Ecumenical Temple.
  4903 | D:6      | Reached skill level 7 in Long Blades
  5751 | D:7      | Noticed a hornet
  6019 | D:7      | Noticed a yak
  6019 | D:7      | Noticed a yak
  6029 | D:7      | Noticed a yak
  6030 | D:7      | Noticed a yak
  6030 | D:7      | Noticed a yak
  6030 | D:7      | Noticed a yak
  6051 | D:7      | Killed a yak
  6052 | D:7      | Reached skill level 8 in Long Blades
  6063 | D:7      | Killed a yak
  6064 | D:7      | Reached XP level 9. HP: 37/56 MP: 9/9
  6067 | D:7      | Reached skill level 9 in Long Blades
  6089 | D:7      | Reached skill level 10 in Long Blades
  6588 | D:8      | Noticed an orange demon
  6591 | D:8      | Noticed Amaemon
  6596 | D:8      | Found a sparkling altar of Nemelex Xobeh.
  6597 | D:8      | Found an ornate altar of the Wu Jian Council.
  6612 | D:8      | Found an iron altar of Okawaru.
  7046 | D:8      | Reached skill level 11 in Long Blades
  7194 | D:8      | Found a runed translucent gate.
  7194 | D:8      | Found a runed translucent gate.
  7194 | D:8      | Found a runed translucent gate.
  7201 | D:8      | Noticed Kave's ghost (novice TrTm)
  7290 | D:8      | Reached XP level 10. HP: 55/63 MP: 10/10
  7569 | D:8      | Reached skill level 12 in Long Blades
  7877 | D:8      | HP: 3/94 [constriction (3)]
  7881 | D:8      | HP: 1/94 [scorpion[Amaemon] (5)]
  7884 | D:8      | Succumbed to Amaemon's poison

Illustrated notes

Levels and vault maps discovered:
D:1:      dpeg_arrival_three_same_balls, layout_basic
D:2:      wad_river_or_something, layout_basic, basic_altar
D:3:      layout_basic, nicolae_ecumenical_snake_handling,
          kennysheep_minor_cross, uniq_robin, uniq_natasha
D:4:      layout_loops_ring
D:5:      layout_basic, nicolae_goblin_pals, uniq_sigmund
D:6:      layout_basic, kennysheep_mini_moat, minmay_temple_entry_mini_moons
D:7:      layout_gridville, kennysheep_pointless_box
D:8:      wad_cavern_with_rooms, layout_loops_ring,
          chequers_temple_overflow_statue_of_worship, gammafunk_ghost_spectres,
          special_room [special_room_orc], uniq_amaemon

Skill      XL: |  1  2  3  4  5  6  7  8  9 10 |
---------------+-------------------------------+-----
Dodging        | 4 5 6 7 8 |  8.0
Long Blades    | 5 8 11 12 | 12.3
Fighting       | |  3.0
Shields        | |  3.0

Action                     |  1- 3 |  4- 6 |  7- 9 | 10-12 || total
---------------------------+-------+-------+-------+-------++-------
  Melee: Long sword        |    46 |       |    62 |    62 ||   170
         Constrict         |    17 |    31 |    29 |     9 ||    86
         Tentacles         |     9 |    20 |    58 |    11 ||    98
         Punch             |     2 |     4 |     3 |     2 ||    11
         Dagger            |    14 |   127 |   127 |       ||   268
         Short sword       |     5 |       |       |       ||     5
  Throw: Dart              |       |       |    20 |     4 ||    24
 Invoke: Potion Petition   |       |       |     1 |     1 ||     2
  Evoke: Wand              |       |       |       |     2 ||     2
    Use: Scroll            |       |    11 |    11 |       ||    22
         Potion            |       |     2 |     9 |     3 ||    14
   Stab: Sleeping          |     6 |    13 |     4 |     1 ||    24
         Distracted        |       |     1 |     1 |       ||     2
         Invisible         |       |       |     1 |       ||     1
 Armour: Skin              |     7 |       |       |    35 ||    42
  Dodge: Dodged            |    37 |    79 |   121 |    58 ||   295
  Block: Buckler           |    12 |    19 |    26 |    23 ||    80

Table legend: (Time is in decaauts)
 A = Elapsed time spent in this place.
 B = Non-inter-level travel time spent in this place.
 C = Inter-level travel time spent in this place.
 D = Time resting spent in this place.
 E = Time spent auto-exploring this place.
 F = Levels seen in this place.
 G = Mean time per level.
                   A        B        C        D        E       F      G
               +--------+--------+--------+--------+--------+-----+--------+
         Total |   7809 |   7683 |    126 |    956 |   5203 |   8 |  976.1 |
       Dungeon |   7809 |   7683 |    126 |    956 |   5203 |   8 |  976.1 |
               +--------+--------+--------+--------+--------+-----+--------+

Top non-repeatable levels by time:
     D:8: 1298 daAuts
     D:2: 1216 daAuts
     D:6: 1215 daAuts
     D:3: 933 daAuts
     D:4: 894 daAuts
     D:5: 842 daAuts
     D:7: 752 daAuts
     D:1: 656 daAuts
